 Dungeon Crawl Stone Soup version 0.22.1-1-ga44c0e5 (webtiles) character file.

331 MalarOregon the Slasher (level 6, -6/56 HPs)
             Began as a Minotaur Berserker on Sept 21, 2018.
             Was a Priest of Trog.
             Mangled by an ogre
             ... wielding a +0 giant spiked club
              (19 damage)
             ... on level 4 of the Dungeon.
             The game lasted 00:04:32 (2689 turns).

MalarOregon the Slasher (Minotaur Berserker)        Turns: 2689, Time: 00:04:33

Health: -6/56      AC:  5    Str: 23    XL:     6   Next: 26%
Magic:  5/5        EV: 12    Int:  4    God:    Trog [***...]
Gold:   147        SH:  0    Dex: 10    Spells: 5/5 levels left

rFire    . . .     SeeInvis .   c - +1 great sword (holy)
rCold    . . .     Gourm    .   (shield currently unavailable)
rNeg     . . .     Faith    .   n - +0 ring mail
rPois    .         Spirit   .   (helmet restricted)
rElec    .         Reflect  .   (no cloak)
rCorr    .         Harm     .   (no gloves)
MR       .....                  (no boots)
Stlth    ..........             (no amulet)
HPRegen  0.18/turn              (no ring)
MPRegen  0.09/turn              (no ring)

@: no status effects
A: retaliatory headbutt, horns 2
a: Berserk, Trog's Hand, Renounce Religion


You were on level 4 of the Dungeon.
You worshipped Trog.
Trog was most pleased with you.
You were hungry.

You visited 1 branch of the dungeon, and saw 4 of its levels.

You collected 147 gold pieces.

Inventory:

Hand Weapons
 c - a +1 great sword of holy wrath (weapon)
   (You found it on level 2 of the Dungeon)
Missiles
 k - 5 needles of sleeping
 o - 7 tomahawks
 p - 4 javelins (quivered)
 s - 6 poisoned needles
Armour
 n - a +0 ring mail (worn)
   (You found it on level 2 of the Dungeon)
Scrolls
 d - 2 scrolls of random uselessness {unknown}
 f - a scroll of blinking {unknown}
 g - 3 scrolls of remove curse {unknown}
 i - 5 scrolls of teleportation {unknown}
 j - 2 scrolls of immolation {unknown}
 l - 3 scrolls of identify {unknown}
 m - a scroll of magic mapping {unknown}
 r - a scroll of enchant weapon {unknown}
Potions
 b - a potion of resistance {unknown}
 h - 3 potions of curing {unknown}
 q - a potion of lignification {unknown}
 t - a potion of cancellation {unknown}
Comestibles
 a - 5 chunks of flesh
 e - 8 rations {!d}


   Skills:
 * Level 5.1 Fighting
 + Level 5.4 Long Blades
 + Level 2.3 Throwing
 + Level 4.0 Armour
 + Level 3.4 Dodging


You had 5 spell levels left.
You didn't know any spells.
Your spell library was empty.

Dungeon Overview and Level Annotations

Branches:
Dungeon (4/15)
 Temple: D:4-7

Altars:


Innate Abilities, Weirdness & Mutations

You reflexively headbutt those who attack you in melee.
You have a pair of horns on your head.


Message History

A jackal skeleton is nearby!
A jackal skeleton is nearby!
You hit the jackal skeleton.
The jackal skeleton convulses.
The jackal skeleton bites you but does no damage.
An orc comes into view. It is wielding a club.
The jackal skeleton barely misses you.
The orc shouts!
You slash the jackal skeleton!
You destroy the jackal skeleton!
Trog accepts your kill.
You hear a shout! x2
An orc comes into view. It is wielding a flail.
You slash the orc!
You kill the orc!
Trog accepts your kill.
You closely miss the orc. The orc hits you with a flail.
You hit the orc. You headbutt the orc.
You kill the orc!
Trog accepts your kill.
An ogre comes into view. It is wielding a giant spiked club.
The ogre shouts!
You hear a shout! x3
The ogre hits you with a giant spiked club!!
* * * LOW HITPOINT WARNING * * *
Some of the chunks of flesh in your inventory have rotted away.
Your skin crawls.
You feel resistant to hostile enchantments.
You feel somewhat more hungry. The ogre barely misses you.
You feel the effects of Trog's Hand fading.
A jackal comes into view.
The jackal barks!
You hear a bark! x2
A jackal comes into view. x2
The jackal moves out of view.
You closely miss the jackal.
The jackal bites you but does no damage.
The jackal misses you.
You riposte.
You hit the jackal but do no damage. Your headbutt misses the jackal.
The ogre hits you with a giant spiked club!!
* * * LOW HITPOINT WARNING * * *
Your skin stops crawling.
You feel less resistant to hostile enchantments.
The jackal barely misses you.
The jackal bites you but does no damage.
The jackal barely misses you.
You riposte.
You are feeling hungry.
You slice the jackal!!
You kill the jackal!
Trog accepts your kill.
The ogre hits you with a giant spiked club!!
You die...

########.# #.#
#.#
#.###########.#
#.#...........#
#.#.#########.#
#.#.# #...
#.#.## #.###
#.O..# #.#
##@#.#.#### #.#
#..hh.....# #.#
##.#.#.##.# .#
##...... ..
#.####. .. ###
# #


You could see an ogre and 2 jackals.

Vanquished Creatures
  An orc priest (D:2)
  2 worker ants (D:4)
  Terence (D:2)
  2 orc wizards
  4 adders
  3 oozes
  4 worms
  2 dart slugs
  4 leopard geckos
  9 orcs
  5 bats
  6 giant cockroaches
  7 goblins
  11 hobgoblins
  8 jackals
  8 kobolds
  A quokka (D:3)
  4 ball pythons
  2 frilled lizards
  A jackal skeleton (D:4)
  18 rats
103 creatures vanquished.

Vanquished Creatures (others)
  A giant cockroach (D:4)
1 creature vanquished.

Grand Total: 104 creatures vanquished

Notes
Turn   | Place    | Note
-------+----------+-------------------------------------------
     0 | D:1      | MalarOregon the Minotaur Berserker began the quest for the
                  | Orb.
     0 | D:1      | Reached XP level 1. HP: 19/19 MP: 0/0
    71 | D:1      | Reached XP level 2. HP: 27/27 MP: 1/1
   525 | D:1      | Reached XP level 3. HP: 32/33 MP: 2/2
   548 | D:1      | Reached ** piety under Trog
   651 | D:2      | Noticed Terence
   657 | D:2      | Killed Terence
   657 | D:2      | Reached skill level 1 in Throwing
   745 | D:2      | Reached XP level 4. HP: 25/40 MP: 3/3
   956 | D:2      | Reached skill level 5 in Long Blades
   959 | D:2      | Reached XP level 5. HP: 12/46 MP: 4/4
  1889 | D:3      | Found a faded altar of an unknown god.
  2085 | D:3      | Reached *** piety under Trog
  2195 | D:3      | Reached XP level 6. HP: 41/55 MP: 5/5
  2623 | D:4      | Reached skill level 5 in Fighting
  2689 | D:4      | Mangled by an ogre

Skill      XL: |  1  2  3  4  5  6 |
---------------+-------------------+-----
Long Blades    | 4 5 |  5.4
Fighting       | 4 5 |  5.1
Throwing       | 1 2 |  2.3
Armour         | 3 4 |  4.0
Dodging        | 3 |  3.4

Action                   |  1- 3 |  4- 6 || total
-------------------------+-------+-------++-------
Melee: Falchion          |    41 |    36 ||    77
       Headbutt          |     8 |    21 ||    29
       Great sword       |       |    80 ||    80
Throw: Tomahawk          |       |     5 ||     5
       Javelin           |       |     4 ||     4
Invok: Berserk           |     1 |     2 ||     3
       Trog's Hand       |       |     2 ||     2
  Eat: Chunk             |       |     9 ||     9
Armor: Animal skin       |     8 |     1 ||     9
       Ring mail         |       |    33 ||    33
Dodge: Dodged            |    42 |    76 ||   118
       Rpst.: Falchion   |     6 |     6 ||    12
       Great sword       |       |    17 ||    17
